Map: Simulacrum LE

Players

Kas

  • Race: Terran Terran
  • Spawn Location: 5:00

Has - Winner!

  • Race: Protoss Protoss
  • Spawn Location: 11:00

Event: IEM Katowice 2020

VOD

Have the link to the VOD?

Description

Time

  • Played on: Feb. 24, 2020, 9:36 a.m.
  • Length: 10:55
Show
View Real Time Build Order
Export as new Build Order

Kas Terran 

Build Orders: Gas First Reaper Expand, Banshee Rush 

Get SALT Encoding   

  12  0:00  SCV  
  13  0:13  SCV  
  14  0:17  Supply Depot  
  14  0:25  SCV  
  14  0:27  Refinery  
  15  0:38  SCV  
  16  0:44  Barracks  
  16  0:50  SCV  
  17  1:02  SCV  
  18  1:15  SCV  
  19  1:32  Orbital Command, Reaper  
  20  1:50  Command Center  
  20  1:56  Factory  
  20  2:00  SCV  
  21  2:06  Barracks Reactor  
  21  2:10  Refinery  
  21  2:12  SCV  
  22  2:19  Supply Depot  
  22  2:26  SCV  
  23  2:40  SCV, Starport  
  23  2:43  Marine x2  
  26  2:47  Factory Tech Lab  
  26  2:53  SCV  
  27  3:01  Marine x2  
  27  3:03  Orbital Command  
  27  3:05  SCV  
  30  3:19  SCV, Marine x2  
  33  3:20  Factory Tech Lab  
  33  3:25  Cloaking Field  
  33  3:28  Banshee  
  33  3:32  SCV  
  37  3:34  SCV  
  37  3:37  Marine  
  39  3:44  Marine, SCV  
  40  3:49  SCV  
  40  3:51  Supply Depot, Siege Tank  
  40  3:55  Marine  
  45  3:56  SCV  
  46  4:06  Supply Depot  
  46  4:12  Marine x2, SCV x2, Banshee  
  46  4:16  Supply Depot  
  53  4:24  SCV  
  53  4:28  SCV  
  53  4:30  Marine  
  56  4:32  Marine, Supply Depot, Siege Tank  
  56  4:36  SCV, Supply Depot  
  61  4:40  SCV  
  62  4:48  Marine  
  62  4:49  SCV  
  62  4:52  SCV  
  65  4:54  Marine  
  66  5:00  Supply Depot  
  66  5:01  SCV  
  66  5:05  Command Center  
  66  5:06  SCV  
  68  5:15  Raven  
  68  5:16  SCV, Barracks  
  68  5:17  Marine, Barracks  
  68  5:19  Marine  
  73  5:26  Refinery  
  73  5:27  Refinery  
  73  5:32  SCV  
  73  5:33  Siege Tank  
  76  5:35  SCV  
  76  5:36  Engineering Bay  
  76  5:37  Marine x2  
  70  5:55  Marine, SCV  
  70  5:56  Marine, SCV  
  72  6:04  Barracks Tech Lab  
  72  6:06  Siege Tank  
  72  6:08  SCV  
  72  6:09  SCV  
  77  6:12  Barracks x2  
  77  6:13  Starport Reactor, Terran Infantry Weapons Level 1  
  77  6:15  Supply Depot  
  77  6:16  Marine x2  
  79  6:20  SCV  
  79  6:21  Marine  
  76  6:30  Marine  
  76  6:31  Combat Shield, Stimpack  
  70  6:33  Orbital Command  
  70  6:34  SCV x2  
  70  6:38  Marine  
  70  6:40  Marine, Bunker  
  70  6:42  Marine  
  70  6:46  SCV  
  73  6:48  SCV, Marine  
  73  6:52  Factory Reactor  
  75  6:55  Medivac  
  75  6:56  Marine, Medivac  
  75  6:58  SCV, Marine  
  75  7:00  Marine, SCV  
  85  7:02  Barracks Reactor  
  85  7:04  SCV  
  85  7:07  Marauder  
  87  7:10  Supply Depot  
  87  7:14  Marine  
  88  7:18  Marauder  
  88  7:19  Marine, Concussive Shells, Marauder  
  88  7:20  Missile Turret  
  88  7:21  SCV x2, Missile Turret  
  95  7:28  Marine, Medivac  
  98  7:35  Marine  
  98  7:36  Medivac  
  101  7:37  Marine, Widow Mine  
  101  7:38  Orbital Command  
  101  7:39  Marauder  
  101  7:41  Widow Mine, Marauder  
  101  7:44  SCV  
  111  7:46  SCV, Marauder  
  111  7:49  Marine x2  
  116  7:55  Marine  
  117  8:01  Marauder  
  117  8:02  Marauder  
  117  8:04  Armory  
  121  8:07  Supply Depot x2  
  121  8:08  Marauder  
  121  8:12  SCV  
  114  8:14  Refinery x2  
  114  8:15  Marine x3  
  114  8:17  Marine  
  118  8:22  Marauder  
  118  8:23  Marauder  
  118  8:24  SCV  
  118  8:26  Widow Mine  
  125  8:28  Medivac x2  
  125  8:29  Widow Mine  
  125  8:33  Ghost Academy  
  131  8:36  SCV, Engineering Bay  
  131  8:40  SCV  
  133  8:44  Marine, Marauder x2  
  138  9:00  Marauder  
  140  9:05  Marine  
  140  9:07  Supply Depot  
  141  9:12  Marine x2  
  141  9:13  Supply Depot, Widow Mine x2, Marauder  
  141  9:15  Marine, Supply Depot x2  
  149  9:17  Marauder  
  149  9:18  Medivac x2  
  149  9:20  Marine  
  149  9:22  Marine  
  130  9:30  Marine  
  115  9:37  Marine x2  
  108  9:38  Marine  
  108  9:39  Marine x2  
  108  9:41  Marine  
  110  9:48  Marine  
  110  9:52  Supply Depot x2  
  111  9:53  Supply Depot  
  111  9:59  Supply Depot  
  111  10:14  Marine x6  
  116  10:20  Marine  
  117  10:31  Marine x3  
  117  10:32  Marine  
  117  10:33  Widow Mine x2  
Show
View Real Time Build Order
Export as new Build Order

Has Protoss - Winner!

Build Orders: 1 Gate Expand, Blink Stalkers 

Get SALT Encoding   

  12  0:00  Probe  
  13  0:12  Probe  
  14  0:17  Pylon  
  14  0:25  Probe (Chrono Boost)  
  15  0:35  Gateway  
  15  0:37  Probe (Chrono Boost)  
  16  0:46  Probe (Chrono Boost)  
  16  0:47  Assimilator  
  17  0:52  Probe  
  18  1:04  Probe  
  19  1:16  Probe  
  20  1:25  Nexus  
  20  1:32  Cybernetics Core  
  20  1:36  Probe  
  21  1:42  Assimilator  
  21  1:49  Pylon  
  21  1:50  Probe  
  22  2:02  Probe  
  22  2:05  Adept (Chrono Boost)  
  23  2:09  Warp Gate  
  23  2:14  Probe  
  26  2:23  Twilight Council  
  26  2:27  Probe  
  27  2:39  Probe (Chrono Boost), Sentry  
  31  2:44  Probe (Chrono Boost)  
  31  2:48  Probe (Chrono Boost)  
  33  2:52  Probe (Chrono Boost)  
  33  2:53  Probe (Chrono Boost)  
  34  3:01  Gateway  
  34  3:04  Stalker  
  38  3:05  Probe (Chrono Boost)  
  38  3:06  Probe (Chrono Boost)  
  37  3:15  Blink (Chrono Boost)  
  37  3:16  Probe (Chrono Boost), Pylon  
  37  3:19  Probe (Chrono Boost)  
  39  3:21  Probe (Chrono Boost)  
  40  3:27  Probe  
  40  3:32  Probe  
  42  3:34  Pylon  
  42  3:39  Probe  
  43  3:44  Probe  
  44  3:49  Robotics Facility  
  44  3:51  Probe  
  45  3:57  Stalker x2  
  50  4:05  Probe  
  50  4:06  Assimilator  
  50  4:09  Nexus  
  50  4:13  Pylon  
  50  4:14  Probe  
  51  4:20  Probe  
  52  4:26  Forge  
  52  4:27  Stalker  
  52  4:30  Stalker  
  56  4:32  Probe  
  56  4:33  Probe  
  56  4:37  Observer (Chrono Boost)  
  59  4:40  Gateway  
  59  4:45  Probe  
  60  4:54  Observer (Chrono Boost)  
  60  4:57  Probe  
  61  5:02  Shield Battery  
  61  5:04  Stalker x2  
  64  5:09  Probe  
  63  5:18  Gateway x2  
  63  5:21  Shield Battery  
  63  5:22  Shield Battery  
  63  5:29  Stalker x2  
  67  5:37  Stalker  
  67  5:48  Protoss Ground Weapons Level 1 (Chrono Boost)  
  67  5:49  Probe  
  56  5:52  Stalker x2  
  56  5:55  Charge  
  56  5:56  Probe  
  56  6:04  Stalker  
  56  6:06  Probe  
  56  6:09  Zealot  
  56  6:10  Probe x2  
  62  6:13  Zealot x2  
  65  6:19  Probe  
  65  6:22  Probe x2  
  67  6:31  Probe, Stalker  
  66  6:34  Probe x2  
  66  6:37  Pylon, Warp Prism (Chrono Boost)  
  68  6:45  Pylon  
  70  6:49  Templar Archives  
  70  6:52  Gateway  
  70  6:55  Gateway  
  70  6:56  Sentry  
  70  7:00  Observer  
  70  7:01  Zealot x2  
  74  7:05  Probe  
  74  7:06  Probe  
  74  7:07  Zealot  
  80  7:09  Zealot  
  80  7:15  Probe, Pylon  
  83  7:18  Probe  
  84  7:28  High Templar  
  86  7:30  Zealot  
  86  7:31  High Templar  
  86  7:32  Zealot  
  90  7:37  Probe x2, Pylon  
  90  7:38  Probe, Pylon  
  90  7:39  Pylon  
  90  7:42  Protoss Ground Armor Level 1 (Chrono Boost)  
  90  7:44  Psionic Storm  
  93  7:49  Probe x2  
  95  7:55  Probe  
  95  7:56  Zealot x5  
  106  8:04  Probe  
  107  8:12  Zealot x2  
  111  8:19  Gateway  
  111  8:21  Gateway  
  111  8:23  Pylon  
  111  8:24  Observer  
  111  8:26  Zealot  
  113  8:27  Zealot x4  
  113  8:32  High Templar  
  113  8:33  High Templar  
  125  8:42  Archon  
  125  8:48  Zealot x2  
  127  8:49  Pylon, Zealot x2  
  127  8:52  Pylon  
  127  8:53  Zealot x4  
  133  9:00  Pylon  
  132  9:05  Probe  
  132  9:07  Probe  
  134  9:18  Zealot  
  134  9:19  Zealot x8  
  122  9:41  Warp Prism (Chrono Boost)  
  122  9:45  High Templar x3  
  126  9:46  Zealot x4  
  126  9:47  Zealot x2  
  136  9:55  Nexus  
  136  9:56  Pylon  
  132  10:10  Zealot x5  
  132  10:11  Zealot  
  132  10:13  Warp Prism (Chrono Boost)  
  144  10:19  Zealot  
  144  10:20  Zealot x2  
  152  10:24  Probe x2  
  148  10:32  Zealot x4  
  134  10:47  Archon  
  134  10:49  Zealot  
  128  10:50  Zealot x4  

Tags
 
Add a new tag
Caveats
  • Supply blocks, unpowered buildings, or Contaminate may cause inaccurate times.
  • Supply counts are checked every 10 seconds.